Map: Automaton LE

Players

TiPtOP

  • Race: Terran Terran
  • League: Silver
  • Spawn Location: 9:00

WhinyLeftist - Winner!

  • Race: Terran Terran
  • League: Gold
  • Spawn Location: 3:00

VOD

Have the link to the VOD?

Description

Time

  • Played on: May 12, 2019, 8:46 p.m.
  • Length: 9:55
Show
View Real Time Build Order
Export as new Build Order

TiPtOP Terran 

Build Orders:  

Get SALT Encoding   

  12  0:00  SCV  
  13  0:12  SCV  
  14  0:19  Supply Depot  
  14  0:25  SCV  
  15  0:41  SCV  
  16  0:43  Barracks  
  16  0:53  SCV  
  16  0:56  Refinery  
  17  1:06  SCV  
  18  1:22  SCV  
  19  1:27  Barracks  
  19  1:34  Supply Depot  
  19  1:38  Marine  
  20  1:44  Orbital Command  
  20  2:13  Barracks Reactor  
  20  2:15  SCV  
  20  2:17  Command Center  
  20  2:21  Barracks Tech Lab  
  20  2:48  Marine  
  21  3:05  Marine x2  
  21  3:06  Marine  
  24  3:18  Barracks  
  24  3:22  SCV  
  25  3:31  Marine x3  
  25  3:34  Stimpack  
  28  3:40  Factory  
  28  3:51  SCV, Supply Depot  
  29  3:57  Marine x2  
  31  4:08  Marine  
  31  4:09  SCV  
  33  4:13  SCV  
  33  4:14  Supply Depot  
  34  4:18  Supply Depot  
  34  4:23  Barracks Reactor  
  34  4:24  Refinery  
  34  4:25  Factory Reactor  
  34  4:32  Starport  
  34  4:34  Marine x3  
  37  4:40  SCV  
  38  4:52  Marine x3  
  41  4:56  Engineering Bay  
  41  4:57  SCV  
  42  5:01  SCV  
  42  5:06  Supply Depot  
  43  5:21  Factory Tech Lab  
  43  5:26  SCV  
  44  5:28  Terran Infantry Weapons Level 1  
  44  5:29  Supply Depot  
  44  5:32  Medivac  
  46  5:38  SCV  
  47  5:49  Missile Turret  
  47  5:52  SCV  
  47  5:55  SCV  
  49  5:57  Marine x5  
  49  6:00  Siege Tank  
  57  6:08  SCV  
  58  6:14  Missile Turret  
  58  6:15  Marine x4  
  62  6:22  Missile Turret  
  62  6:36  Marine x4  
  62  6:38  Siege Tank  
  69  6:48  Refinery  
  64  7:23  Supply Depot  
  62  7:31  Marine x4  
  63  7:46  Missile Turret, Supply Depot  
  63  7:48  Starport  
  63  7:53  Fusion Core, Marine  
  63  7:54  Marine x2  
  66  8:05  Medivac x2  
  68  8:09  SCV  
  68  8:11  SCV  
  72  8:16  Refinery  
  72  8:21  SCV  
  72  8:23  SCV  
  64  8:42  Viking  
  37  9:25  Marine x5  
Show
View Real Time Build Order
Export as new Build Order

WhinyLeftist Terran - Winner!

Build Orders:  

Get SALT Encoding   

  12  0:03  SCV  
  13  0:15  SCV  
  13  0:20  Supply Depot  
  14  0:30  SCV  
  15  0:43  SCV  
  15  0:46  Barracks  
  16  0:55  SCV  
  17  0:58  Refinery  
  17  1:08  SCV  
  18  1:20  SCV  
  20  1:34  Orbital Command  
  20  1:36  Marine  
  20  2:11  Command Center  
  20  2:13  Marine  
  21  2:49  Marine  
  22  2:51  SCV  
  22  2:56  Factory  
  23  3:11  Barracks Reactor  
  23  3:18  Refinery, Supply Depot  
  23  3:22  SCV  
  23  3:23  Orbital Command  
  24  3:32  Supply Depot  
  24  3:37  SCV  
  25  3:47  Starport  
  25  3:49  SCV  
  25  3:50  SCV  
  27  3:58  Supply Depot  
  27  4:01  SCV, Marine x2  
  27  4:02  SCV  
  31  4:06  Refinery  
  31  4:13  SCV  
  31  4:14  SCV  
  33  4:23  Barracks  
  33  4:24  Marine x2  
  33  4:26  SCV x2  
  33  4:30  Factory Tech Lab  
  33  4:31  Starport Reactor  
  37  4:37  Engineering Bay  
  38  4:38  SCV x2  
  39  4:47  Refinery  
  39  4:50  SCV x2, Marine x2  
  43  5:06  Supply Depot  
  43  5:07  Missile Turret  
  43  5:08  Marine x2  
  43  5:11  Barracks  
  45  5:14  Terran Infantry Weapons Level 1  
  45  5:15  Missile Turret  
  45  5:18  Medivac x2  
  45  5:20  Siege Tank  
  52  5:26  SCV x2  
  54  5:31  Supply Depot  
  54  5:38  SCV  
  54  5:41  Barracks Tech Lab  
  55  5:43  Marine x2  
  57  6:02  Stimpack  
  57  6:07  Liberator x2  
  57  6:10  SCV x2  
  59  6:17  Marine x2  
  61  6:19  Siege Tank  
  61  6:22  SCV x2  
  72  6:27  Barracks Reactor  
  72  6:32  Marauder  
  74  6:35  Marine x2  
  76  6:53  Hellion  
  78  6:55  Command Center  
  65  7:50  SCV x2  
  67  8:02  SCV x2  
  69  8:14  SCV x2  
Tags
 
Add a new tag
Caveats
  • Supply blocks, unpowered buildings, or Contaminate may cause inaccurate times.
  • Supply counts are checked every 10 seconds.